 Dungeon Crawl Stone Soup version 0.29.0-5-ge4962eb29e (webtiles) character file.

Game seed: 3866498878995161867

1925 ragingrage the Cleaver (level 8, -3/62 HPs)
             Began as a Minotaur Gladiator on Aug 30, 2022.
             Was an Initiate of Okawaru.
             Slain by Erica
             ... wielding a +3 scimitar of flaming
              (7 damage)
             ... on level 8 of the Dungeon.
             The game lasted 00:06:56 (7395 turns).

ragingrage the Cleaver (Minotaur Gladiator)         Turns: 7395, Time: 00:06:57

Health: -3/62      AC: 13    Str: 22    XL:     8   Next: 96%
Magic:  7/7        EV:  7    Int:  5    God:    Okawaru [......]
Gold:   315        SH:  0    Dex: 11    Spells: 7/7 levels left

rFire   . . .      SeeInvis +   a - +0 war axe
rCold   + . .      Faith    .   (no shield)
rNeg    + . .      Spirit   .   A - +2 plate armour {rC+}
rPois   .          Reflect  .   c - +0 hat
rElec   .          Harm     .   q - +0 cloak
rCorr   .          Rampage  .   (no gloves)
Will    .....                   (no boots)
Stlth   ..........              t - amulet of magic regeneration
HPRegen 0.20/turn               s - ring of see invisible
MPRegen 0.50/turn               o - ring of positive energy

@: confused, lethally poisoned (-3 -> -16), slowed, very slow
A: horns 2, retaliatory headbutt
a: Renounce Religion


You were on level 8 of the Dungeon.
You worshipped Okawaru.
Okawaru was noncommittal.
You visited 2 branches of the dungeon, and saw 9 of its levels.

You collected 315 gold pieces.

Inventory:

Hand Weapons
 a - a +0 war axe (weapon)
 E - a +3 whip
Missiles
 d - a throwing net (quivered)
 e - a javelin
Armour
 c - a +0 hat (worn)
 j - the +3 leather armour of Narcissism {rF+ MP+9}
   (You found it on level 2 of the Dungeon)

   rF:        It protects you from fire.
   MP:        It affects your magic capacity (+9).
 q - a +0 cloak (worn)
 A - a +2 plate armour of cold resistance (worn)
Jewellery
 o - a ring of positive energy (right hand)
 s - a ring of see invisible (left hand)
 t - an amulet of magic regeneration (around neck)
 D - a ring of ice
Wands
 n - a wand of flame (26)
Scrolls
 b - a scroll of brand weapon {unknown}
 g - 5 scrolls of teleportation {unknown}
 h - 6 scrolls of identify {unknown}
 k - 5 scrolls of butterflies {unknown}
 m - 2 scrolls of immolation {unknown}
 v - a scroll of vulnerability {unknown}
 x - a scroll of noise {unknown}
 y - a scroll of magic mapping {unknown}
Potions
 f - 3 potions of brilliance {unknown}
 i - 3 potions of flight {unknown}
 l - 2 potions of curing {unknown}
 p - 3 potions of attraction {unknown}
 r - a potion of invisibility {unknown}
 u - a potion of lignification {unknown}
 w - a potion of magic {unknown}
 z - 2 potions of mutation {unknown}
 B - a potion of haste {unknown}
 C - 2 potions of might {unknown}


   Skills:
 - Level 2.4 Fighting
 + Level 14.1 Axes
 - Level 2.0 Throwing
 - Level 3.2 Dodging


You had 7 spell levels left.
You didn't know any spells.
Your spell library contained the following spells:

 Spells                   Type           Power      Damage    Failure   Level
 Sting                    Tmut/Pois      0%         1d3       100%        1
 Poisonous Vapours        Pois/Air       0%         N/A       100%        2
 Sublimation of Blood     Necr           0%         N/A       100%        2
 Corpse Rot               Necr/Pois/Air  0%         N/A       100%        4
 Olgreb's Toxic Radiance  Pois           0%         N/A       100%        4
 Petrify                  Tmut/Erth      0%         N/A       100%        4
 Irradiate                Conj/Tmut      0%         3d11      100%        5


Dungeon Overview and Level Annotations

Branches:
Dungeon (8/15)             Temple (1/1) D:7
   Lair: D:8-11

Altars:
Ashenzari
Cheibriados
Dithmenos
Elyvilon
Fedhas
Gozag
Hepliaklqana
Kikubaaqudgha
Makhleb
Nemelex Xobeh
Okawaru
Qazlal
Ru
Sif Muna
Trog
Uskayaw
Vehumet
Wu Jian
Xom
Yredelemnul
Zin
The Shining One

Annotations:
D:5 Pikel
D:6 1 runed translucent door, Flarelocke's ghost, novice MiFi
D:7 exclusion: 4 doors
D:8 Erica


Innate Abilities, Weirdness & Mutations

You have a pair of horns on your head.
You reflexively headbutt those who attack you in melee.


Message History

Erica burns you.
You hit Erica.
Erica is heavily wounded.
Erica hits you with a +3 scimitar of flaming!
Erica burns you.
You slash Erica! You headbutt Erica.
Erica is severely wounded.
Erica hits you with a +3 scimitar of flaming!
* * * LOW HITPOINT WARNING * * *
Erica burns you.
* * * LOW HITPOINT WARNING * * *
Throw: 2 throwing nets
Press: ? - help, Q - select action, (/) - cycle Shift-Dir - straight line, f/p - Erica
Aim: Erica, wielding a +3 scimitar of flaming and wearing a +2 robe of willpower (severely wounded, slightly transparent, 53% to hit)
You throw a throwing net. The throwing net hits Erica.
Erica is caught in the net!
Erica is severely wounded.
Erica struggles against the net.
You slash Erica!
Erica is almost dead.
Erica struggles against the net.
You hit Erica but do no damage.
Erica is almost dead.
Erica struggles against the net.
Erica gestures at you while chanting.
You are confused.
Erica struggles against the net.
You hit Erica but do no damage. You headbutt Erica, but do no damage.
You punch Erica, but do no damage.
Erica is almost dead.
Erica struggles against the net.
Erica gestures at you while chanting. The bolt of poison hits you!
You are poisoned.
* * * LOW HITPOINT WARNING * * *
Erica struggles against the net.
The net rips apart, and Erica comes free!
Erica attacks as you move away!
Erica hits you with a +3 scimitar of flaming!
You die...

.... ..... #... ### ##
#...##.####.## #............#
#...[........# +............#
##...@.####.#########
##...@.####.#..#....#
#.............#.....#
#....#.............#..@.##. ..
#....#.............#....... ..
#....##.......##.>@#....... ...
#....##.......##...'.......
...##....##.......##...##...##.
.................##...#######
.......................#....#


You could see Erica (invisible).

Vanquished Creatures
  Prince Ribbit (D:7)
  A steam dragon (D:7)
  A water moccasin (D:6)
  2 sky beasts (D:7)
  2 black bears (D:6)
  2 ice beasts (D:7)
  A phantom (D:4)
  Blork the orc (D:5)
  A scorpion (D:7)
  2 bullfrogs
  A gnoll bouda (D:8)
  7 hounds
  A jelly (D:6)
  2 orc priests
  An iguana (D:7)
  An orc wizard (D:7)
  7 gnolls
  4 adders
  2 white imps (D:7)
  3 worms
  3 dart slugs
  14 orcs
  4 ball pythons
  11 bats
  9 endoplasms
  3 giant cockroaches
  6 goblins
  10 hobgoblins
  3 jackals (D:1)
  6 quokkas
  7 frilled lizards
  9 kobolds
  9 rats
137 creatures vanquished.

Vanquished Creatures (others)
  2 withered plants (D:2)
2 creatures vanquished.

Grand Total: 139 creatures vanquished

Notes
Turn   | Place    | Note
-------+----------+-------------------------------------------
     0 | D:1      | ragingrage the Minotaur Gladiator began the quest for the
                  | Orb.
     0 | D:1      | Reached XP level 1. HP: 18/18 MP: 0/0
   191 | D:1      | Reached skill level 4 in Axes
   196 | D:1      | Reached XP level 2. HP: 18/25 MP: 1/1
   652 | D:1      | Reached skill level 5 in Axes
   776 | D:1      | Reached XP level 3. HP: 24/30 MP: 2/2
  1348 | D:2      | Identified the +3 leather armour of Narcissism {rF+ MP+9}
  1816 | D:2      | Found a faded altar of an unknown god.
  1890 | D:2      | Reached skill level 6 in Axes
  1890 | D:2      | Reached XP level 4. HP: 37/37 MP: 3/3
  1950 | D:2      | Prayed at the altar of an unknown god.
  1950 | D:2      | Became a worshipper of Uskayaw the Reveller
  1950 | D:2      | Reached * piety under Uskayaw
  3001 | D:3      | Reached ** piety under Uskayaw
  3256 | D:4      | Reached *** piety under Uskayaw
  3258 | D:4      | Reached skill level 7 in Axes
  3258 | D:4      | Reached XP level 5. HP: 33/42 MP: 4/4
  3258 | D:4      | Reached **** piety under Uskayaw
  3683 | D:4      | Noticed a phantom
  3689 | D:4      | Killed a phantom
  3876 | D:5      | Entered Level 5 of the Dungeon
  3909 | D:5      | Reached skill level 8 in Axes
  3909 | D:5      | Reached XP level 6. HP: 50/50 MP: 5/5
  3997 | D:5      | Noticed Blork the orc
  4004 | D:5      | Killed Blork the orc
  4201 | D:5      | Noticed Pikel
  4220 | D:6      | Reached skill level 9 in Axes
  4273 | D:6      | Reached XP level 7. HP: 56/56 MP: 6/6
  4312 | D:6      | Reached skill level 10 in Axes
  4469 | D:6      | Found a runed translucent door.
  4469 | D:6      | Noticed Flarelocke's ghost (novice MiFi)
  4482 | D:6      | Found an ornate altar of the Wu Jian Council.
  4483 | D:6      | Found a sacrificial altar of Ru.
  4483 | D:6      | Found a shimmering blue altar of Sif Muna.
  4483 | D:6      | Found an opulent altar of Gozag.
  4483 | D:6      | Found a blossoming altar of Fedhas.
  4484 | D:6      | Found a burning altar of Makhleb.
  4485 | D:6      | Found a glowing silver altar of Zin.
  4490 | D:6      | Found a white marble altar of Elyvilon.
  4853 | D:6      | Reached skill level 11 in Axes
  5033 | D:6      | You fall into a shaft and drop 1 floor!
  5447 | D:7      | Reached XP level 8. HP: 62/62 MP: 7/7
  5544 | D:7      | Reached skill level 12 in Axes
  5857 | D:7      | Found a staircase to the Ecumenical Temple.
  6267 | D:7      | Reached skill level 13 in Axes
  6847 | Temple   | Entered the Ecumenical Temple
  6921 | Temple   | Fell from the grace of Uskayaw
  6921 | Temple   | Became a worshipper of Warmaster Okawaru
  6993 | D:8      | Noticed Prince Ribbit
  7010 | D:7      | Killed Prince Ribbit
  7011 | D:7      | Reached skill level 14 in Axes
  7370 | D:8      | Noticed Erica
  7395 | D:8      | Slain by Erica

Illustrated notes

Levels and vault maps discovered:
D:1:      dpeg_arrival_ratfight, layout_basic
D:2:      layout_basic, ebering_ecumenical_altar_petrified,
          grunt_decor_junction, minmay_misc_feat_enclosed,
          kennysheep_cross_bottleneck
D:3:      layout_basic
D:4:      layout_gridville, nrook_mini_backslash
D:5:      layout_gridville, uniq_blork_the_orc, uniq_pikel
D:6:      layout_loops_ring, minitemple, hellmonk_ghost_happy_afterlife,
          due_unseen_surprise
D:7:      layout_basic, minmay_temple_entry_proselytizer,
          kennysheep_generic_room_2
D:8:      layout_gridville, serial_undead, serial_undead_d, serial_undead_c,
          serial_undead_e, serial_undead_f, gammafunk_ghost_berserking_beasts,
          uniq_erica, uniq_prince_ribbit1, uniq_maggie
Temple:   nicolae_temple_two_arcs

Skill      XL: |  1  2  3  4  5  6  7  8 |
---------------+-------------------------+-----
Axes           | 4 5 6 7 8 9 11 14 | 14.1
Fighting       | |  2.4
Throwing       | |  2.0
Dodging        | |  3.2

Action                   |  1- 3 |  4- 6 |  7- 9 || total
-------------------------+-------+-------+-------++-------
Melee: War axe           |    82 |    99 |   143 ||   324
       Headbutt          |    12 |    11 |    27 ||    50
       Punch             |       |     2 |     3 ||     5
Throw: Throwing net      |       |       |     2 ||     2
Invok: Line Pass         |       |       |     1 ||     1
Evoke: Wand              |       |       |     1 ||     1
 Stab: Paralysed         |       |     3 |     2 ||     5
       Held in net/web   |       |       |     1 ||     1
Armor: Leather armour    |    30 |    38 |    20 ||    88
       Plate armour      |       |       |    73 ||    73
Dodge: Dodged            |    59 |    85 |    67 ||   211
